Map: Apotheosis LE

Players

Neeb

  • Race: Protoss Protoss

Polt - Winner!

  • Race: Terran Terran

Event: 2016 WCS Summer Circuit Championship (DH Montreal)

VOD

https://www.youtube.com/watch?v=WNzIV_GwQA0

Description

Time

  • Played on: Aug. 14, 2016, 2:09 p.m.
  • Length: 14:10

All games in this series

Show
View Real Time Build Order
Export as new Build Order

Neeb Protoss 

Build Orders: 1 Gate Expand, Oracle Opening 

Get SALT Encoding   

  12  0:00  Probe (Chrono Boost)  
  13  0:11  Probe (Chrono Boost)  
  14  0:16  Pylon  
  14  0:22  Probe (Chrono Boost)  
  15  0:35  Probe (Chrono Boost)  
  16  0:36  Gateway  
  16  0:45  Probe (Chrono Boost)  
  17  0:50  Assimilator  
  17  0:56  Probe (Chrono Boost)  
  18  1:06  Probe (Chrono Boost)  
  19  1:17  Nexus  
  19  1:20  Probe (Chrono Boost)  
  20  1:31  Cybernetics Core  
  20  1:34  Probe (Chrono Boost)  
  20  1:39  Assimilator  
  21  1:45  Probe (Chrono Boost)  
  22  1:49  Pylon  
  22  1:55  Probe (Chrono Boost)  
  23  2:03  Adept  
  23  2:07  Warp Gate  
  26  2:08  Probe (Chrono Boost)  
  26  2:21  Probe (Chrono Boost)  
  27  2:23  Stargate  
  27  2:27  Adept  
  28  2:30  Probe (Chrono Boost)  
  28  2:33  Probe (Chrono Boost)  
  31  2:40  Probe (Chrono Boost)  
  33  2:45  Probe (Chrono Boost)  
  33  2:50  Adept  
  33  2:51  Probe (Chrono Boost)  
  34  2:57  Probe (Chrono Boost)  
  37  3:01  Oracle  
  37  3:02  Probe (Chrono Boost)  
  38  3:08  Pylon  
  38  3:09  Probe (Chrono Boost)  
  43  3:14  Probe (Chrono Boost)  
  44  3:21  Probe (Chrono Boost)  
  44  3:26  Probe (Chrono Boost)  
  45  3:33  Probe (Chrono Boost), Gateway  
  46  3:34  Gateway  
  46  3:36  Oracle  
  46  3:38  Probe (Chrono Boost)  
  47  3:45  Probe (Chrono Boost)  
  51  3:49  Pylon  
  51  3:50  Probe (Chrono Boost)  
  52  3:56  Nexus  
  52  4:00  Probe (Chrono Boost)  
  54  4:02  Probe (Chrono Boost)  
  54  4:12  Probe (Chrono Boost)  
  54  4:15  Probe (Chrono Boost), Phoenix  
  53  4:24  Probe (Chrono Boost), Pylon  
  53  4:26  Assimilator  
  53  4:27  Probe (Chrono Boost), Assimilator  
  54  4:36  Probe (Chrono Boost)  
  54  4:37  Adept  
  54  4:38  Adept x2  
  62  4:39  Probe (Chrono Boost), Phoenix  
  62  4:44  Pylon  
  64  4:48  Probe (Chrono Boost)  
  64  4:51  Probe (Chrono Boost)  
  67  5:00  Probe (Chrono Boost), Phoenix  
  67  5:03  Probe (Chrono Boost), Adept x3  
  76  5:09  Probe (Chrono Boost)  
  76  5:12  Probe (Chrono Boost)  
  79  5:15  Probe (Chrono Boost), Forge  
  79  5:18  Twilight Council  
  80  5:23  Adept  
  80  5:24  Adept  
  80  5:26  Mothership Core (Chrono Boost)  
  80  5:27  Adept  
  87  5:30  Probe (Chrono Boost)  
  87  5:31  Probe (Chrono Boost)  
  87  5:34  Phoenix  
  87  5:35  Pylon  
  89  5:36  Protoss Ground Weapons Level 1  
  89  5:41  Probe (Chrono Boost)  
  89  5:42  Resonating Glaives  
  93  5:43  Probe (Chrono Boost)  
  93  5:47  Pylon  
  93  5:52  Pylon  
  93  5:54  Probe (Chrono Boost)  
  93  5:55  Probe (Chrono Boost)  
  93  5:56  Pylon  
  95  6:00  Adept  
  95  6:01  Adept  
  95  6:02  Adept  
  101  6:07  Probe x2 (Chrono Boost), Phoenix  
  101  6:10  Pylon  
  105  6:19  Gateway  
  105  6:20  Gateway  
  105  6:23  Gateway  
  105  6:30  Robotics Facility  
  105  6:32  Probe x3 (Chrono Boost), Sentry  
  110  6:37  Adept x2  
  114  6:41  Pylon x2  
  114  6:44  Phoenix  
  108  6:47  Gateway  
  108  6:48  Gateway  
  108  6:52  Gateway  
  108  6:54  Gateway  
  110  6:57  Assimilator  
  110  7:01  Assimilator  
  110  7:06  Phoenix  
  112  7:15  Warp Prism  
  112  7:16  Stargate  
  112  7:22  Protoss Ground Armor Level 1  
  114  7:27  Phoenix  
  114  7:29  Adept  
  116  7:30  Adept x5  
  116  7:32  Pylon  
  116  7:35  Pylon  
  116  7:36  Probe (Chrono Boost)  
  129  7:44  Nexus  
  129  7:47  Pylon  
  129  7:49  Warp Prism, Phoenix  
  133  8:00  Phoenix  
  133  8:03  Adept x3  
  141  8:11  Phoenix  
  141  8:14  Pylon  
  143  8:22  Adept x2  
  143  8:23  Adept x4  
  156  8:41  Adept x2  
  156  8:42  Adept x2  
  156  8:45  Adept x4  
  169  8:53  Observer  
  169  8:54  Nexus  
  164  8:59  Probe x3 (Chrono Boost)  
  159  9:07  Phoenix  
  153  9:11  Adept x4  
  153  9:12  Adept  
  153  9:14  Adept  
  159  9:18  Phoenix  
  146  9:36  Observer  
  138  9:40  Protoss Ground Armor Level 2  
  138  9:45  Nexus  
  139  9:47  Adept x4  
  139  9:48  Adept x4, Phoenix  
  157  9:56  Phoenix  
  157  9:57  Observer  
  160  10:14  Adept x4  
  160  10:15  Adept x2  
  162  10:27  Phoenix  
  142  10:33  Adept x4  
  142  10:39  Adept, Sentry x2  
  142  10:40  Adept x3  
  152  11:02  Adept x4  
  152  11:03  Adept x5  
  134  11:15  Phoenix  
  106  11:19  Phoenix  
  106  11:20  Observer  
  106  11:23  Probe x3 (Chrono Boost)  
  112  11:35  Sentry x2, Adept x3  
  112  11:36  Adept x3  
  122  11:50  Forge  
  122  11:53  Adept  
  122  11:54  Adept  
  126  11:55  Adept  
  126  11:56  Adept x3  
  132  12:07  Sentry x2, Stalker  
  132  12:08  Stalker  
  140  12:13  Nexus  
  140  12:14  Observer  
  140  12:15  Assimilator  
  140  12:16  Assimilator  
  141  12:28  Adept x5  
  141  12:29  Adept  
  153  12:32  Adept  
  153  12:33  Adept  
  153  12:34  Adept  
  158  12:44  Adept  
  158  13:02  Adept x3  
  158  13:03  Adept x5  
  158  13:04  Adept  
  162  13:06  Phoenix  
  162  13:09  Observer  
  165  13:16  Adept  
  167  13:21  Pylon  
  167  13:26  Adept  
  167  13:27  Adept x4  
  167  13:28  Adept x3  
  181  13:45  Sentry x2  
  181  13:47  Stalker  
  153  13:49  Adept x5  
  153  13:50  Adept  
  155  14:02  Adept  
Show
View Real Time Build Order
Export as new Build Order

Polt Terran - Winner!

Build Orders: Command Center First (CC), MMM Bio 

Get SALT Encoding   

  12  0:01  SCV  
  13  0:13  SCV  
  14  0:17  Supply Depot  
  14  0:25  SCV  
  15  0:38  SCV  
  16  0:50  SCV  
  17  1:00  Command Center  
  17  1:03  SCV  
  18  1:13  Barracks  
  18  1:16  SCV  
  19  1:28  SCV  
  19  1:30  Barracks  
  20  1:40  SCV  
  20  1:44  Barracks  
  21  1:52  SCV  
  22  2:00  Marine  
  23  2:05  Orbital Command  
  23  2:11  Orbital Command  
  23  2:17  Marine  
  23  2:18  Marine  
  25  2:23  Refinery  
  25  2:24  Refinery  
  25  2:30  SCV  
  25  2:32  Marine  
  25  2:35  Marine x2  
  29  2:37  SCV  
  29  2:42  SCV  
  31  2:47  Supply Depot  
  31  2:50  SCV  
  31  2:51  Marine  
  33  2:53  Marine  
  33  2:54  SCV  
  33  2:55  Barracks Tech Lab  
  35  3:02  SCV  
  36  3:06  SCV  
  36  3:08  Supply Depot  
  36  3:10  Marine  
  36  3:11  Marine  
  39  3:14  SCV  
  39  3:18  SCV  
  40  3:21  Factory  
  40  3:26  SCV  
  41  3:27  Supply Depot  
  41  3:30  SCV  
  41  3:31  Marine x3  
  41  3:33  Stimpack  
  45  3:38  Engineering Bay  
  45  3:43  SCV x2  
  47  3:52  Barracks Reactor, Marine x2  
  47  3:55  SCV x2  
  51  3:59  Refinery  
  42  4:17  Marine x2  
  42  4:20  SCV x2  
  42  4:21  Missile Turret  
  45  4:25  Factory Reactor  
  45  4:28  Starport  
  42  4:32  SCV x2  
  42  4:35  Marine  
  42  4:36  Marine x2, Marauder  
  48  4:42  Missile Turret  
  48  4:44  SCV x2  
  50  4:47  Terran Infantry Weapons Level 1  
  50  4:56  SCV  
  50  4:57  SCV  
  50  4:59  Marine x2, Marauder  
  56  5:00  Barracks Tech Lab  
  54  5:09  SCV x2  
  54  5:11  Medivac x2  
  60  5:15  Supply Depot  
  60  5:19  Command Center  
  60  5:22  SCV x2  
  60  5:26  Supply Depot  
  60  5:27  Combat Shields  
  62  5:36  Widow Mine  
  62  5:37  SCV x2  
  62  5:40  Supply Depot  
  66  5:45  Marine  
  66  5:46  Marine x3  
  70  5:50  SCV x2  
  72  5:57  Starport Reactor  
  72  5:59  Barracks  
  72  6:00  Barracks  
  72  6:05  Marine, SCV x2  
  72  6:06  Marauder  
  72  6:07  Marine  
  72  6:09  Marine  
  79  6:15  Widow Mine, Refinery  
  81  6:20  Supply Depot  
  81  6:26  Marine  
  81  6:27  Marine, Marauder  
  81  6:28  Concussive Shells  
  81  6:30  Marauder  
  87  6:43  Terran Infantry Armor Level 1  
  87  6:44  Medivac x2, SCV x2  
  93  6:50  Orbital Command  
  93  6:53  Barracks Tech Lab, Marauder  
  93  6:54  Marine x2, Marauder  
  97  6:55  Widow Mine  
  97  6:59  Marine x2  
  103  7:02  SCV  
  103  7:03  SCV  
  105  7:15  Barracks, SCV x2  
  107  7:16  Barracks, SCV  
  107  7:17  Barracks  
  107  7:21  Marine  
  109  7:27  Supply Depot  
  109  7:29  Supply Depot  
  109  7:30  Supply Depot  
  109  7:31  Supply Depot  
  109  7:38  Missile Turret  
  109  7:39  Missile Turret  
  109  7:44  Marine  
  109  7:48  Widow Mine, Engineering Bay, Marine x4, SCV x2  
  109  7:49  Armory  
  109  7:50  Marine, SCV  
  119  8:00  Marine  
  119  8:02  Marauder  
  119  8:03  Medivac x2  
  119  8:04  Barracks Tech Lab  
  126  8:06  Barracks Tech Lab, Marine x2, Marauder x2  
  126  8:07  Barracks Reactor  
  126  8:08  Marine  
  133  8:12  Supply Depot  
  133  8:16  Supply Depot  
  132  8:22  Supply Depot  
  132  8:25  Marauder x3  
  137  8:28  Marauder x2  
  137  8:34  Marine x4  
  143  8:52  Marine x6, Marauder x4  
  143  8:53  Marauder  
  150  9:04  Widow Mine, Medivac x2  
  150  9:09  Terran Infantry Weapons Level 2  
  150  9:19  Terran Infantry Armor Level 2  
  142  9:37  Marine x7  
  130  9:40  Marine, Marauder  
  127  9:51  Medivac x2  
  131  9:53  Widow Mine  
  131  9:55  SCV x3  
  136  10:13  Marauder  
  136  10:14  Marine x6, Marauder x4  
  145  10:23  Medivac x2  
  145  10:26  Widow Mine  
  133  10:34  Marine x8  
  133  10:35  Marine x3  
  133  10:51  Marine x2  
  133  10:52  Marine x4  
  133  10:53  Marauder x5  
  149  11:01  Orbital Command  
  132  11:13  Marine x7  
  132  11:14  Marine x4  
  132  11:18  Medivac x2  
  136  11:19  Widow Mine  
  138  11:31  Marine x6  
  138  11:32  Marauder x5  
  154  11:44  Missile Turret  
  154  11:49  Marine x6  
  154  11:53  Marauder x2  
  164  11:58  Marauder  
  164  11:59  Marauder  
  164  12:01  Marauder  
  164  12:03  Supply Depot  
  164  12:04  Supply Depot  
  164  12:05  Supply Depot  
  164  12:15  Marine  
  165  12:24  Marine x8  
  165  12:25  Widow Mine, Supply Depot, Marine x2  
  165  12:26  Medivac x2  
  165  12:27  Supply Depot  
  181  12:50  Orbital Command  
  175  13:02  Marine x4, Marauder x5  
  175  13:03  Marine x2  
  175  13:04  Medivac x2  
  191  13:06  Widow Mine  
  191  13:31  Marauder  
  191  13:32  Marine, Marauder x3  
  200  13:36  Ghost Academy  
  200  13:39  Command Center, Refinery  
Tags
 
Add a new tag
Caveats
  • Supply blocks, unpowered buildings, or Contaminate may cause inaccurate times.
  • Supply counts are checked every 10 seconds.